AoeStats
← Chirp

Nomad

508139273Analyzed
4v4 RM · 13d ago on Sep 21, 2026· 56m 37s· 8 players
Game mode
Random Map
Map size
231×231
Population
200
Speed
Normal
Resources
Standard
Victory
Conquest
Starting age
Dark Age
Ending age
Imperial Age
RankedLock teamsTeams togetherTeam positionsShared explorationLock speedFull tech treeHidden civsTurbo modeCheats
Victory
Defeat
🇺🇸 Celts · United States
1230
+14
🇲🇽 Huns · Mexico
1173
+17
🇺🇸 Malians · United States
1160
+17
🇦🇷 Japanese · Argentina
1147
+17
🇨🇱 Huns · Chile
1203
-17
🇨🇱 Vietnamese · Chile
1188
-16
🇨🇱 Franks · Chile
1187
-16
🇨🇱 Spanish · Chile
1165
-16
[CPA] Agu_Newen
6:23 Loom
13:47 Feudal Age
14:18 Double-Bit Axe
15:24 Fishing Lines
18:22 Fletching
20:17 Town Watch
24:23 Castle Age
24:28 Crossbowman
25:05 Bodkin Arrow
25:54 Gold Mining
28:11 Bow Saw
28:48 Ballistics
30:01 Thumb Ring
30:41 Padded Archer Armor
34:42 Stone Mining
36:57 Wheelbarrow
38:43 Leather Archer Armor
40:24 Horse Collar
49:07 Imperial Age
49:17 Arbalester
49:59 Bracer
51:08 Chemistry
Raised
6:06 Loom
13:53 Feudal Age
27:45 Castle Age
34:43 Bloodlines
36:58 Horse Collar
40:35 Husbandry
41:19 Padded Archer Armor
45:56 Double-Bit Axe
47:28 Fortified Wall
51:58 Bow Saw
RyKer
2:54 Loom
13:21 Feudal Age
14:51 Forging
14:47 Double-Bit Axe
23:38 Castle Age
22:57 Scale Barding Armor
23:05 Gold Mining
23:08 Stone Mining
24:05 Wheelbarrow
24:39 Bow Saw
27:23 Husbandry
29:30 Gold Shaft Mining
32:12 Chain Barding Armor
33:11 Iron Casting
41:01 Imperial Age
41:08 Ballistics
40:59 Masonry
42:04 Cavalier
48:42 Plate Barding Armor
49:07 Blast Furnace
Ryo Mashiba
3:58 Loom
12:32 Feudal Age
15:02 Double-Bit Axe
20:19 Castle Age
19:08 Forging
29:39 Fletching
32:47 Padded Archer Armor
35:24 Bodkin Arrow
38:05 Thumb Ring
38:41 Leather Archer Armor
40:49 Wheelbarrow
40:40 Ballistics
41:38 Bloodlines
41:28 Husbandry
45:45 Imperial Age
44:31 Murder Holes
45:04 Town Watch
46:29 Bracer
47:11 Conscription
52:24 Bow Saw
Chirp
4:09 Loom
14:25 Feudal Age
14:53 Double-Bit Axe
20:47 Man-at-Arms
26:16 Castle Age
29:22 Stone Mining
30:36 Horse Collar
31:09 Bow Saw
31:36 Wheelbarrow
30:47 Town Watch
31:43 Fletching
32:06 Forging
32:03 Heavy Plow
34:03 Bodkin Arrow
34:59 Scale Mail Armor
36:10 Arson
38:23 Fishing Lines
38:37 Gambesons
38:13 Long Swordsman
40:00 Iron Casting
41:16 Chain Mail Armor
44:55 Padded Archer Armor
47:04 Elite Skirmisher
54:03 Imperial Age
52:07 Hand Cart
52:49 Stronghold
52:57 Stronghold
54:59 Furor Celtica
54:27 Capped Ram
54:42 Pikeman
56:12 Conscription
55:23 Siege Ram
56:54 Murder Holes
57:04 Siege Engineers
Bjorn Ironside
4:05 Loom
13:11 Feudal Age
15:59 Scale Barding Armor
16:05 Forging
15:46 Double-Bit Axe
16:55 Wheelbarrow
16:29 Horse Collar
18:31 Gold Mining
23:22 Castle Age
22:46 Bloodlines
23:32 Light Cavalry
24:13 Husbandry
24:34 Chain Barding Armor
24:36 Bow Saw
27:17 Heavy Plow
27:31 Stone Mining
28:54 Iron Casting
39:00 Fletching
39:43 Hand Cart
39:57 Bodkin Arrow
44:17 Imperial Age
43:12 Elite Skirmisher
43:58 Thumb Ring
44:19 Scale Mail Armor
44:59 Gold Shaft Mining
44:45 Ballistics
45:04 Padded Archer Armor
46:18 Two-Man Saw
45:50 Conscription
44:55 Cavalier
46:11 Plate Barding Armor
45:43 Bracer
47:54 Blast Furnace
47:10 Leather Archer Armor
48:21 Chemistry
47:32 Paladin
48:40 Murder Holes
48:55 Masonry
49:21 Chain Mail Armor
48:27 Pikeman
49:07 Squires
48:53 Arson
52:06 Hussar
52:53 Halberdier
55:47 Town Watch
misspa
5:29 Loom
14:32 Feudal Age
15:06 Double-Bit Axe
15:59 Horse Collar
24:23 Castle Age
26:21 Wheelbarrow
27:54 Hand Cart
27:53 Fishing Lines
29:31 Bow Saw
29:31 Stone Mining
29:40 Gold Mining
33:51 Forging
33:41 Scale Mail Armor
33:48 Pikeman
34:55 Medium Warships
37:27 Squires
38:25 Chain Mail Armor
39:29 Iron Casting
41:27 Fletching
44:35 Imperial Age
42:37 Elite Skirmisher
44:55 Bodkin Arrow
45:01 Padded Archer Armor
45:23 Capped Ram
46:19 Halberdier
49:28 Thumb Ring
49:55 Ballistics
50:01 Bracer
50:17 Leather Archer Armor
52:49 Conscription
51:49 Elite Samurai
54:33 Blast Furnace
54:04 Plate Mail Armor
55:15 Ring Archer Armor
55:22 Arson
55:24 Gambesons
tech_auto
4:47 Loom
16:51 Feudal Age
18:03 Double-Bit Axe
18:01 Fishing Lines
18:37 Town Watch
18:59 Gold Mining
21:21 Castle Age
20:39 Forging
23:41 Gold Shaft Mining
23:26 Scale Barding Armor
23:24 Light Cavalry
25:07 Gillnets
26:32 Bloodlines
26:23 Husbandry
26:59 Iron Casting
28:16 Stone Mining
31:34 Wheelbarrow
34:08 Treadmill Crane
36:34 Bow Saw
37:49 Horse Collar
43:16 Imperial Age
41:33 Hand Cart
42:17 Chain Barding Armor
43:21 Heavy Camel Rider
44:55 Plate Barding Armor
44:27 Fletching
45:19 Capped Ram
47:00 Stone Shaft Mining
47:05 Conscription
48:13 Farimba
48:50 Hoardings
49:17 Bodkin Arrow
52:47 Chemistry
52:11 Ballistics
52:04 Padded Archer Armor
52:04 Scale Mail Armor
Connection lost

Rejoining the realm…

Still unreachable

The connection could not be restored.

Session expired

The server has moved on; the page needs a fresh start.